 Dungeon Crawl Stone Soup version 0.29.1-1-gd02db6906a (webtiles) character file.

Game seed: 15187504882123091717

42 Homeless the Ruffian (level 3, -2/29 HPs)
             Began as a Mummy Monk on Oct 18, 2022.
             Slain by a gnoll
             ... wielding a +0 flail
              (10 damage)
             ... on level 2 of the Dungeon.
             The game lasted 00:04:02 (2666 turns).

Homeless the Ruffian (Mummy Monk)                   Turns: 2666, Time: 00:04:02

Health: -2/29      AC:  0    Str: 16    XL:     3   Next: 33%
Magic:  3/3        EV: 12    Int:  9    God:
Gold:   97         SH:  0    Dex: 14    Spells: 2/2 levels left

rFire   x . .      SeeInvis .     - Unarmed
rCold   + . .      Faith    .   (no shield)
rNeg    + + +      Spirit   .   (no body armour)
rPois   ∞          Reflect  .   (no helmet)
rElec   .          Harm     .   (no cloak)
rCorr   .          Rampage  .   (no gloves)
Will    .....                   (no boots)
Stlth   ++........              (no amulet)
HPRegen 0.09/turn               (no ring)
MPRegen 0.08/turn               (no ring)

@: no status effects
A: cold resistance 1, negative energy resistance 3, torment resistance 2, heat
vulnerability 1, in touch with death 1, no potions
a: no special abilities


You were on level 2 of the Dungeon.
You visited 1 branch of the dungeon, and saw 2 of its levels.

You collected 97 gold pieces.

Inventory:

Jewellery
 c - a +6 ring of strength


   Skills:
 - Level 3.0 Fighting
 * Level 2.4 Dodging
 - Level 1.5 Stealth
 - Level 3.6 Unarmed Combat


You had 2 spell levels left.
You didn't know any spells.
Your spell library contained the following spells:

 Spells                   Type           Power      Damage    Failure   Level
 Scorch                   Fire           0%         2d5       52%         2
 Flame Wave               Conj/Fire      0%         2d4       99%         4
 Summon Cactus Giant      Summ           0%         N/A       100%        6


Dungeon Overview and Level Annotations

Branches:
Dungeon (2/15)

Altars:


Innate Abilities, Weirdness & Mutations

You are immune to poison.
Your flesh is cold resistant. (rC+)
You are immune to negative energy. (rN+++)
You are immune to unholy pain and torment.
You are vulnerable to heat. (rF-)
You are in touch with the powers of death.
You do not drink.


Message History

You see here a +0 robe.
You enter the shallow water.
Moving in this stuff is going to be slow.
Things that are here:
5 stones; a +0 short sword You enter the shallow water.
Moving in this stuff is going to be slow.
You enter the shallow water.
Moving in this stuff is going to be slow.
Partly explored, can't reach some places.
Partly explored, can't reach some places.
There is a stone staircase leading down here.
You climb downwards.
There is a stone staircase leading up here.
A gnoll comes into view. It is wielding a +0 flail.
You aren't carrying any scrolls.
Your movement speed is average.
Your attack delay is about 0.9.
A gnoll is nearby!
A gnoll comes into view. It is wielding a +0 flail.
The gnoll shouts!
You hear a shout!
A gnoll comes into view. It is wielding a +0 halberd.
The gnoll moves out of view.
You completely miss the gnoll. The gnoll barely misses you.
The gnoll hits you from afar with a +0 halberd!
The gnoll barely misses you. The gnoll attacks as you move away!
The gnoll hits you with a +0 flail!
A bat comes into view.
You hit the gnoll.
The gnoll is moderately wounded.
You hit the gnoll.
The gnoll is heavily wounded.
The gnoll barely misses you. The gnoll hits you with a +0 flail!
* * * LOW HITPOINT WARNING * * *
You aren't carrying any scrolls.
The gnoll attacks as you move away! The gnoll barely misses you.
The gnoll attacks as you move away! The gnoll barely misses you.
The gnoll attacks as you move away! The gnoll closely misses you.
The gnoll attacks as you move away! The gnoll hits you with a +0 flail!
You die...

....... ..#...##.
#........ #........
#.....# #........
.##.....#
####........
h........
#...........
......... #@b......
........# #g.......
.8......# #........
..8.....##
#g.######## ##
#....######.## ##..
... #..#..##....# #..
#...# #.........###
#.##..g.#
#..###.#...#
#####.#...... ####..#
#...#.###...........#


You could see 2 gnolls and a bat.

Vanquished Creatures
  3 dart slugs
  4 endoplasms (D:1)
  3 giant cockroaches (D:1)
  4 goblins
  2 hobgoblins (D:1)
  3 kobolds
  A quokka (D:1)
  3 ball pythons
  4 bats (D:1)
  A frilled lizard (D:1)
  5 rats
33 creatures vanquished.

Notes
Turn   | Place    | Note
-------+----------+-------------------------------------------
     0 | D:1      | Homeless the Mummy Monk began the quest for the Orb.
     0 | D:1      | Reached XP level 1. HP: 18/18 MP: 1/1
   390 | D:1      | Reached XP level 2. HP: 17/24 MP: 2/2
   924 | D:1      | You fall into a shaft and drop 1 floor!
  1180 | D:1      | Gained mutation: You are in touch with the powers of death.
                  | [Mummy growth]
  1180 | D:1      | Reached XP level 3. HP: 25/29 MP: 3/3
  2666 | D:2      | Slain by a gnoll

Illustrated notes

Levels and vault maps discovered:
D:1:      reono_arrival_forest_river, layout_loops_ring,
          chequers_serial_rivers_micro_c, minivault_26,
          chequers_serial_rivers_large_a
D:2:      layout_rooms, shapermc_ecumenical_altar_pompeii,
          kennysheep_decorative_pillar, minmay_hexomino_p4

Skill      XL: |  1  2 |
---------------+-------+-----
Unarmed Combat | 3 |  3.6
Fighting       | |  3.0
Dodging        | |  2.4
Stealth        | |  1.5

Action                   || total
-------------------------++-------
Melee: Unarmed           ||   129
       Punch             ||     2
  Use: Scroll            ||     4
 Stab: Sleeping          ||     1
Dodge: Dodged            ||    79
